 Seeded DCSS version 0.31-a0-771-g505c3d19dc (webtiles) character file.

Game seed: 2 (custom seed)

212 Psyclone the Stinger (level 5, 0/31 HPs)
             Began as an Octopode Venom Mage on Sept 16, 2023.
             Slain by a gnoll
             ... wielding a +0 whip
              (2 damage)
             ... on level 3 of the Dungeon.
             The game lasted 00:08:57 (2811 turns).

Psyclone the Stinger (Octopode Venom Mage)          Turns: 2811, Time: 00:08:58

Health: 0/31       AC:  1    Str:  7    XL:     5   Next: 90%
Magic:  8/8        EV: 13    Int: 20    God:
Gold:   173        SH:  0    Dex: 12    Spells: 6/9 levels left

rFire   . . .        a - +3 dagger (speed)
rCold   . . .        (no shield)
rNeg    . . .        (helmet restricted)
rPois   .            (no amulet)
rElec   .            (no ring)
rCorr   .            (no ring)
SInv    .            (no ring)
Will    .....        (no ring)
Stlth   +++          (no ring)
HPRegen 0.25/turn    (no ring)
MPRegen 0.11/turn    (no ring)
                     (no ring)

%: no passive effects
@: no status effects
A: almost no armour, amphibious, 8 rings, camouflage 1, gelatinous body 1,
(nimble swimmer 1), tentacles
a: no special abilities


You were on level 3 of the Dungeon.
You visited 1 branch of the dungeon, and saw 4 of its levels.

You collected 183 gold pieces.
You spent 10 gold pieces at shops.

Inventory:

Hand Weapons
 a - a +3 dagger of speed (weapon)
Missiles
 e - a throwing net {!f}
Armour
 g - a +0 hat
Wands
 f - a wand of iceblast (9)
Scrolls
 d - 2 scrolls of identify {@r1}
Potions
 c - a potion of cancellation
 k - 4 potions of curing


   Skills:
 - Level 2.0 Dodging
 - Level 2.6 Stealth
 * Level 2.5 Spellcasting
 - Level 1.0 Transmutations
 + Level 7.3 Poison Magic


You had 6 spell levels left.
You knew the following spells:

 Your Spells              Type           Power      Damage    Failure   Level
a - Poisonous Vapours     Pois/Air       34%        N/A       4%          2
b - Sting                 Tmut/Pois      76%        1d6       2%          1

Your spell library contained the following spells:

 Spells                   Type           Power      Damage    Failure   Level
 Olgreb's Toxic Radiance  Pois           32%        N/A       7%          4
 Mephitic Cloud           Conj/Pois/Air  12%        N/A       16%         3


Dungeon Overview and Level Annotations

Branches:
Dungeon (4/15) Zot: 21251
 Temple: D:4-7

Altars:
Xom

Shops:
D:3 *


Innate Abilities, Weirdness & Mutations

You cannot wear most types of armour.
You are amphibious.
You can wear up to eight rings at the same time.
Your skin changes colour to match your surroundings (Stealth+).
Your rubbery body absorbs attacks. (AC +1, EV +1)
((You are camouflaged when in or above water. (Stealth+)))
You have tentacles for arms and can constrict up to eight enemies at once.


Message History

The bat hits you but does no damage. The bat attacks as it pursues you!
The bat hits you.
* * * LOW HITPOINT WARNING * * *
The bat hits you but does no damage.
You take 1 damage, and have 9/31 hp.
The bat hits you.
* * * LOW HITPOINT WARNING * * *
You take 1 damage, and have 8/31 hp.
The bat attacks as it pursues you! The bat hits you.
* * * LOW HITPOINT WARNING * * *
The bat misses you.
You take 1 damage, and have 7/31 hp.
The bat closely misses you. The bat barely misses you.
The bat closely misses you.
There is a stone staircase leading down here.
You climb downwards.
Found a stone staircase leading down.
There is a stone staircase leading up here.
You start resting.
Magic restored.
You regained 14 hp, and now have 23/31 hp.
MP restored: 8 You start resting.
HP restored.
Health restored: 31 You climb upwards.
The bat barely misses you. The bat hits you but does no damage.
The gnoll hits you from afar with a +0 halberd!
Ouch! That really hurt!
The gnoll hits you with a +0 whip!
* * * LOW HITPOINT WARNING * * *
The bat misses you.
There is a stone staircase leading down here.
You take 25 damage, and have 6/31 hp.
MASSIVE DAMAGE!!
The bat closely misses you.
The gnoll hits you from afar with a +0 halberd.
* * * LOW HITPOINT WARNING * * *
The gnoll hits you with a +0 whip.
You die...

####### #.....#
#.....# #.....#
####.....#########
#g.g.......)).....
#@......##########
#b####.....# #.#
#.###.###### ..#
#.# #......# ##.#
#.# #.####.# ###
#.# #.# #.# #.#
##.###.# #....#.#


You could see 2 gnolls and a bat.

Vanquished Creatures
  Terence (D:2)
  3 adders (D:3)
  5 gnolls (D:3)
  2 worms
  4 dart slugs
  7 orcs (D:3)
  6 endoplasms
  3 giant cockroaches
  8 hobgoblins
  2 jackals (D:3)
  3 quokkas
  12 ball pythons
  6 bats
  4 frilled lizards
  14 goblins
  5 kobolds
  4 rats
89 creatures vanquished.

Notes
Turn   | Place    | Note
-------+----------+-------------------------------------------
     0 | D:1      | Psyclone the Octopode Venom Mage began the quest for the
                  | Orb.
     0 | D:1      | Reached XP level 1. HP: 11/11 MP: 3/3
    87 | D:1      | Reached skill level 4 in Poison Magic
   119 | D:1      | Reached XP level 2. HP: 13/17 MP: 5/5
   168 | D:1      | Learned a level 2 spell: Poisonous Vapours
   512 | D:1      | Reached XP level 3. HP: 21/21 MP: 1/6
   630 | D:1      | Reached skill level 5 in Poison Magic
   989 | D:2      | Noticed Terence
  1007 | D:2      | Killed Terence
  1008 | D:2      | Reached XP level 4. HP: 21/27 MP: 1/7
  1224 | D:2      | Reached skill level 6 in Poison Magic
  1801 | D:2      | Identified the +1 plate armour of Doegius {Rampage rPois
                  | rF++ Int-5}
  2012 | D:3      | Reached XP level 5. HP: 25/31 MP: 3/8
  2044 | D:3      | Reached skill level 7 in Poison Magic
  2154 | D:3      | Found a shimmering altar of Xom.
  2257 | D:3      | Found Plog's General Store.
  2345 | D:3      | Bought a scroll of noise for 10 gold pieces
  2811 | D:3      | Slain by a gnoll

Illustrated notes

Levels and vault maps discovered:
D:1:      lightli_arrival_noodles, layout_basic, minmay_misc_feat_nine_boxes
D:2:      cheibrodos_greedy_goblins, layout_loops_ring, minmay_hexomino_p4,
          uniq_terence
D:3:      layout_basic, mainiacjoe_overflow_alcove_2, serial_shops,
          nicolae_shop_advertising_works [nicolae_subvault_shop_adworks],
          minmay_starry_boxes
D:4:      layout_gridville, mainiacjoe_overflow_chevrons, serial_shops, shop,
          uniq_blork_the_orc, uniq_ijyb

Skill      XL: |  1  2  3  4  5 |
---------------+----------------+-----
Poison Magic   | 4 5 6 7 |  7.3
Dodging        | |  2.0
Stealth        | |  2.6
Spellcasting   | |  2.5
Transmutations | |  1.0

Action                     |  1- 3 |  4- 6 || total
---------------------------+-------+-------++-------
  Melee: Dagger            |    57 |   122 ||   179
         Constrict         |    14 |    32 ||    46
         Tentacles         |    10 |    18 ||    28
         Unarmed           |     2 |       ||     2
         Punch             |     1 |     3 ||     4
   Cast: Sting             |     3 |       ||     3
         Poisonous Vapours |    13 |    34 ||    47
    Use: Scroll            |       |     8 ||     8
         Potion            |       |     3 ||     3
   Stab: Sleeping          |     9 |     4 ||    13
         Distracted        |       |     1 ||     1
 Armour: Skin              |    25 |   120 ||   145
  Dodge: Dodged            |    37 |   153 ||   190

Table legend: (Time is in decaauts)
 A = Elapsed time spent in this place.
 B = Non-inter-level travel time spent in this place.
 C = Inter-level travel time spent in this place.
 D = Time resting spent in this place.
 E = Time spent auto-exploring this place.
 F = Levels seen in this place.
 G = Mean time per level.
                   A        B        C        D        E       F      G
               +--------+--------+--------+--------+--------+-----+--------+
         Total |   2747 |   2713 |     34 |    212 |   1759 |   4 |  686.8 |
       Dungeon |   2747 |   2713 |     34 |    212 |   1759 |   4 |  686.8 |
               +--------+--------+--------+--------+--------+-----+--------+

Top non-repeatable levels by time:
     D:2: 1066 daAuts
     D:1: 812 daAuts
     D:3: 779 daAuts
     D:4: 88 daAuts
